 Dungeon Crawl Stone Soup version 0.29-a0-559-g359e09b9d1 (webtiles) character file.

Game seed: 4537103741405686874

3392 xian the Cutter (level 9, -1/66 HPs)
             Began as a Demonspawn Enchanter on June 9, 2022.
             Was a Believer of Wu Jian.
             Slain by an orc warrior
             ... wielding a +0 war axe
              (13 damage)
             ... in a bailey.
             The game lasted 00:37:07 (10289 turns).

xian the Cutter (Demonspawn Enchanter)             Turns: 10289, Time: 00:37:07

Health: -1/66      AC:  7    Str: 12    XL:     9   Next: 75%
Magic:  3/3        EV: 18    Int: 30    God:    Wu Jian [**....]
Gold:   1157       SH:  0    Dex: 13    Spells: 4/12 levels left

rFire   + . .      SeeInvis .   h - +2 short sword (drain)
rCold   + . .      Faith    .   (no shield)
rNeg    + . .      Spirit   .   G - +0 steam dragon scales
rPois   .          Reflect  .   (no helmet)
rElec   .          Harm     .   (no cloak)
rCorr   .          Rampage  .   d - +0 pair of gloves
Will    .....                   (no boots)
Stlth   +++.......              (no amulet)
HPRegen 0.21/turn               j - ring "Qileepn" {rC++ MP-9 EV+4 Int+6}
MPRegen 0.16/turn               g - ring "Garchyett" {Fire rN+ Will- Int+6}

@: no status effects
A: demonic guardian 2, magic regeneration, weakness stinger 2
a: Renounce Religion, Wall Jump


You were in a bailey.
You worshipped Wu Jian.
Wu Jian was pleased with you.
You visited 2 branches of the dungeon, and saw 8 of its levels.
You also visited: Ossuary and Bailey.

You collected 1157 gold pieces.

Inventory:

Hand Weapons
 a - a +1 dagger
 h - a +2 short sword of draining (weapon)
Missiles
 b - 9 poisoned darts (quivered)
 f - 18 boomerangs
Armour
 d - a +0 pair of gloves (worn)
 G - +0 steam dragon scales (worn)
Jewellery
 g - the ring "Garchyett" (right hand) {Fire rN+ Will- Int+6}
   (You acquired it in a bailey)

   [ring of fire]

   It enhances your fire magic.
   Int:       It affects your intelligence (+6).
   rF:        It protects you from fire.
   rC:        It makes you vulnerable to cold.
   rN:        It protects you from negative energy.
   Will:      It decreases your willpower.
 j - the ring "Qileepn" (left hand) {rC++ MP-9 EV+4 Int+6}
   (You found it on level 3 of the Dungeon)

   [ring of evasion]

   EV:        It affects your evasion (+4).
   Int:       It affects your intelligence (+6).
   rC:        It greatly protects you from cold.
   MP:        It affects your magic capacity (-9).
 m - a ring of positive energy
Wands
 C - a wand of paralysis (9)
 E - a wand of iceblast (10)
 F - a wand of polymorph (1)
Scrolls
 c - a scroll of immolation
 t - a scroll of vulnerability {unknown}
 v - a scroll of poison {unknown}
 w - a scroll of enchant armour {unknown}
 y - a scroll of brand weapon {unknown}
 B - a scroll of noise {unknown}
 D - a scroll of silence {unknown}
Potions
 i - 2 potions of brilliance {unknown}
 k - 2 potions of might
 l - a potion of flight
 n - 3 potions of curing
 o - 2 potions of degeneration {unknown}
 p - a potion of haste {unknown}
 r - 2 potions of berserk rage {unknown}
 u - a potion of attraction {unknown}
 x - a potion of ambrosia {unknown}
 z - a potion of invisibility
 A - a potion of lignification {unknown}


   Skills:
 + Level 4.7 Fighting
 + Level 7.2 Short Blades
 + Level 2.0 Throwing
 + Level 4.4 Armour
 + Level 5.4 Dodging
 + Level 6.2 Stealth
 + Level 1.8 Unarmed Combat
 + Level 2.3 Spellcasting
 + Level 3.2 Hexes


You had 4 spell levels left.
You knew the following spells:

 Your Spells              Type           Power      Damage    Failure   Level
a - Ensorcelled Hibernat  Hex/Ice        26%        N/A       6%          2
b - Tukima's Dance        Hex            23%        N/A       6%          3
c - Confusing Touch       Hex            23%        N/A       6%          3

Your spell library contained the following spells:

 Spells                   Type           Power      Damage    Failure   Level
 Dazzling Flash           Conj/Hex       26%        N/A       12%         3
 Portal Projectile        Hex/Tloc       26%        N/A       12%         3
 Passage of Golubria      Tloc           3%         N/A       61%         4
 Yara's Violent Unravell  Hex/Tmut       6%         3d5       73%         5
 Alistair's Intoxication  Tmut/Pois      2%         N/A       91%         5
 Blade Hands              Tmut           1%         N/A       91%         5
 Borgnjor's Vile Clutch   Necr/Erth      1%         N/A       91%         5
 Eringya's Noxious Bog    Tmut/Pois      1%         N/A       100%        6


Dungeon Overview and Level Annotations

Branches:
Dungeon (7/15)             Temple (1/1) D:5         Ossuary (visited)
 Bailey (1/1)

Altars:
Ashenzari
Hepliaklqana
Kikubaaqudgha
Okawaru
Trog
Vehumet
Wu Jian


Innate Abilities, Weirdness & Mutations

A demonic guardian rushes to your aid.
You regenerate magic rapidly.
You have a tail ending in a sharp stinger.


Message History

You throw a poisoned dart. The poisoned dart hits the orc warrior.
The orc warrior is poisoned.
Throw: 15 darts (poison)
Press: ? - help, Q - select action, (/) - cycle Shift-Dir - straight line, f/p - orc warrior
Aim: an orc warrior, wielding a +0 war axe and wearing a +0 plate armour (lightly wounded, poisoned, 60% to hit)
You throw a poisoned dart. The poisoned dart hits the orc warrior.
The orc warrior is lightly wounded.
Throw: 14 darts (poison)
Press: ? - help, Q - select action, (/) - cycle Shift-Dir - straight line, f/p - orc warrior
Aim: an orc warrior, wielding a +0 war axe and wearing a +0 plate armour (lightly wounded, poisoned, 60% to hit)
You throw a poisoned dart.
The poisoned dart barely misses the orc warrior.
Throw: 13 darts (poison)
Press: ? - help, Q - select action, (/) - cycle Shift-Dir - straight line, f/p - orc warrior
Aim: an orc warrior, wielding a +0 war axe and wearing a +0 plate armour (lightly wounded, poisoned, 60% to hit)
You throw a poisoned dart. The poisoned dart hits the orc warrior.
The orc warrior looks even sicker.
The orc warrior is lightly wounded.
Throw: 12 darts (poison)
Press: ? - help, Q - select action, (/) - cycle Shift-Dir - straight line, f/p - orc warrior
Aim: an orc warrior, wielding a +0 war axe and wearing a +0 plate armour (lightly wounded, very poisoned, 60% to hit)
You throw a poisoned dart. The poisoned dart hits the orc warrior.
The orc warrior looks even sicker.
The orc warrior is lightly wounded.
Throw: 11 darts (poison)
Press: ? - help, Q - select action, (/) - cycle Shift-Dir - straight line, f/p - orc warrior
Aim: an orc warrior, wielding a +0 war axe and wearing a +0 plate armour (lightly wounded, very poisoned, 60% to hit)
You throw a poisoned dart. The poisoned dart hits the orc warrior.
The orc warrior looks as sick as possible!
The orc warrior is lightly wounded.
Throw: 10 darts (poison)
Press: ? - help, Q - select action, (/) - cycle Shift-Dir - straight line, f/p - orc warrior
Aim: an orc warrior, wielding a +0 war axe and wearing a +0 plate armour (moderately wounded, extremely poisoned, 60% to hit)
You throw a poisoned dart.
The poisoned dart barely misses the orc warrior.
You hear a splash.
You hit the orc warrior but do no damage.
The orc warrior is heavily wounded.
The orc warrior hits you with a +0 war axe!
You die...

≈≈.#.8#############8.#.≈≈≈≈≈≈≈
≈≈.#.....#######.....#.≈≈≈≈≈≈≈
≈≈.#.8...#.....#...8.#
≈≈.#.....#.).).#.)...#
≈#'####..#..⌠..#..####
≈#....#..)...).'..#
≈#....#..'.....'..#
≈###..#####'''#####
#.'..#........o@.#
######≈≈≈≈...≈≈≈≈##
≈≈≈≈≈≈...≈≈≈≈≈≈≈≈≈
≈≈≈≈≈≈.(.≈≈≈≈≈≈≈≈≈
≈≈≈≈≈≈(..≈≈≈≈≈≈≈≈≈≈
≈≈≈≈≈≈(..≈≈≈≈≈≈≈≈≈≈
≈≈≈..(......≈≈≈≈≈≈≈
####.......######## #.......#


You could see an orc warrior (very poisoned).

Vanquished Creatures
  Maggie (D:6)
  A kobold demonologist (Bailey)
  Prince Ribbit (D:6)
  A wraith (Ossuary)
  2 water moccasins
  4 orc warriors (Bailey)
  3 black bears
  2 ice beasts
  An ogre (D:6)
  3 scorpions
  A howler monkey (D:4)
  3 jellies
  4 hounds
  2 orc priests (D:6)
  3 iguanas
  4 orc wizards (D:6)
  3 mummies (Ossuary)
  12 adders
  4 gnolls (Bailey)
  A shadow imp (D:6)
  An ufetubus (D:6)
  12 orcs
  7 bats
  5 endoplasms
  4 giant cockroaches
  20 goblins
  6 hobgoblins
  4 jackals
  2 quokkas
  9 ball pythons
  2 frilled lizards
  2 goblin zombies (Ossuary)
  3 hobgoblin zombies (Ossuary)
  9 kobolds
  4 kobold zombies (Ossuary)
  6 rats
152 creatures vanquished.

Vanquished Creatures (collateral kills)
  3 orc warriors (Bailey)
  A phantom (D:4)
  An electric eel (Bailey)
  A hound (D:6)
  An adder (D:3)
  2 worms
  An orc (D:6)
  A ball python (D:2)
  2 endoplasms
  2 hobgoblins
  A jackal (D:3)
  A quokka (D:4)
  A bat (D:1)
18 creatures vanquished.

Vanquished Creatures (others)
  A dancing weapon (Bailey)
1 creature vanquished.

Grand Total: 171 creatures vanquished

Notes
Turn   | Place    | Note
-------+----------+-------------------------------------------
     0 | D:1      | xian the Demonspawn Enchanter began the quest for the Orb.
     0 | D:1      | Reached XP level 1. HP: 13/13 MP: 3/3
   125 | D:1      | Reached skill level 1 in Short Blades
   431 | D:1      | Gained mutation: A weak demonic guardian rushes to your
                  | aid. [demonic ancestry]
   431 | D:1      | Reached XP level 2. HP: 17/19 MP: 5/5
  1523 | D:1      | Gained mutation: You have a small tail. [demonic ancestry]
  1523 | D:1      | Reached XP level 3. HP: 24/24 MP: 6/6
  2475 | D:2      | Reached XP level 4. HP: 31/31 MP: 7/7
  2569 | D:2      | Reached skill level 1 in Armour
  2789 | D:2      | Reached skill level 2 in Short Blades
  3144 | D:3      | Identified the ring "Qileepn" {rC++ MP-9 EV+4 Int+6}
  3517 | D:3      | Identified a scroll of acquirement
  3517 | D:3      | Acquired 723 gold pieces
  3761 | D:4      | Gained mutation: You have a tail ending in a sharp stinger.
                  | [demonic ancestry]
  3761 | D:4      | Reached XP level 5. HP: 36/36 MP: 0/8
  4408 | D:4      | Reached skill level 1 in Fighting
  4516 | D:4      | Noticed a phantom
  4544 | D:4      | Killed a phantom
  4545 | D:4      | Reached skill level 3 in Short Blades
  4545 | D:4      | Reached XP level 6. HP: 12/43 MP: 0/9
  4947 | D:5      | Entered Level 5 of the Dungeon
  4960 | D:5      | Noticed a water moccasin
  4966 | D:5      | Killed a water moccasin
  4968 | D:5      | Found a staircase to the Ecumenical Temple.
  4981 | Temple   | Entered the Ecumenical Temple
  4997 | Temple   | Became a worshipper of the Wu Jian Council
  5072 | D:5      | Found a sand-covered staircase.
  5083 | Ossuary  | Entered an ossuary
  5083 | Ossuary  | Noticed a wraith
  5083 | Ossuary  | Noticed a wraith
  5083 | Ossuary  | Noticed a wraith
  5161 | Ossuary  | Upgraded the game from 0.29-a0-557-g43b9904bd1 to
                  | 0.29-a0-559-g359e09b9d1
  5274 | Ossuary  | Noticed a wraith
  5298 | Ossuary  | Killed a wraith
  5299 | Ossuary  | Reached skill level 4 in Short Blades
  5299 | Ossuary  | Gained mutation: A demonic guardian rushes to your aid.
                  | [demonic ancestry]
  5299 | Ossuary  | Reached XP level 7. HP: 6/50 MP: 1/10
  6992 | D:6      | Reached XP level 8. HP: 38/57 MP: 2/11
  7008 | D:6      | Reached * piety under Wu Jian
  7014 | D:6      | Reached skill level 5 in Short Blades
  7313 | D:6      | Noticed Prince Ribbit
  7350 | D:6      | Killed Prince Ribbit
  7351 | D:6      | Reached skill level 1 in Throwing
  8057 | D:6      | Noticed Maggie
  8098 | D:6      | Killed Maggie
  8099 | D:6      | Reached skill level 5 in Stealth
  8352 | D:6      | Gained mutation: You regenerate magic rapidly. [demonic
                  | ancestry]
  8352 | D:6      | Reached XP level 9. HP: 65/65 MP: 3/12
  8363 | D:6      | Reached skill level 6 in Short Blades
  8589 | D:7      | Reached skill level 1 in Unarmed Combat
  8673 | D:7      | Found a flagged portal.
  8725 | Bailey   | Entered a bailey
  8973 | Bailey   | Reached ** piety under Wu Jian
  8974 | Bailey   | Reached skill level 5 in Dodging
  9138 | Bailey   | HP: 2/66 [orc warrior/+0 hand axe (12)]
  9487 | Bailey   | Noticed a kobold demonologist
  9494 | Bailey   | Killed a kobold demonologist
  9495 | Bailey   | Reached skill level 7 in Short Blades
  9586 | Bailey   | Acquired the ring "Garchyett" {Fire rN+ Will- Int+6}
  9594 | Bailey   | Learned a level 2 spell: Ensorcelled Hibernation
  9598 | Bailey   | Learned a level 3 spell: Tukima's Dance
  9602 | Bailey   | Learned a level 3 spell: Confusing Touch
  9934 | Bailey   | HP: 3/66 [orc warrior/+0 war axe (10)]
 10257 | Bailey   | Found an iron altar of Okawaru.
 10257 | Bailey   | Noticed a kobold demonologist
 10259 | Bailey   | Noticed a smoke demon
 10277 | Bailey   | Noticed a hellwing
 10279 | Bailey   | Noticed a smoke demon
 10289 | Bailey   | Slain by an orc warrior

Illustrated notes

Levels and vault maps discovered:
D:1:      dpeg_arrival_brainrot, layout_basic, dk_noncrumbling_2, st_stairs_13,
          supply_closet_lemuel
D:2:      layout_basic
D:3:      layout_loops_ring
D:4:      layout_rooms, kennysheep_generic_room_2
D:5:      layout_loops_ring, minmay_temple_entry_overgrown,
          lightli_ossuary_entry_decrepit_ruins
D:6:      layout_loops_ring, grunt_ministairs_14, uniq_prince_ribbit1,
          uniq_maggie
D:7:      gammafunk_corrupted_shrine, layout_basic, grunt_gozag_breadcrumbs,
          enter_bailey_5, amethyst_killhole, chequers_serial_rivers_small_3,
          uniq_joseph
Temple:   mainiacjoe_temple_coin_purse
Bailey:   bailey_axe_of_yendor_kennysheep, bailey

Skill      XL: |  1  2  3  4  5  6  7  8  9 |
---------------+----------------------------+-----
Short Blades   | 1 2 3 4 5 7 |  7.2
Stealth        | 3 4 5 6 |  6.2
Dodging        | 2 3 4 5 |  5.4
Armour         | 1 2 3 4 |  4.4
Fighting       | 1 2 3 4 |  4.7
Throwing       | 1 2 |  2.0
Unarmed Combat | 1 |  1.8
Spellcasting   | |  2.3
Hexes          | |  3.2

Action                   |  1- 3 |  4- 6 |  7- 9 || total
-------------------------+-------+-------+-------++-------
Melee: Dagger            |   171 |   121 |       ||   292
       Punch             |     5 |     1 |     6 ||    12
       Tailslap          |    10 |    29 |    53 ||    92
       Short sword       |       |    88 |   333 ||   421
       Unarmed           |       |       |    21 ||    21
Throw: Boomerang         |     4 |       |       ||     4
       Dart              |     1 |     2 |    22 ||    25
 Cast: Tukima's Dance    |       |       |     1 ||     1
Invok: Lunge             |       |     6 |    27 ||    33
       Whirlwind         |       |       |    17 ||    17
  Use: Scroll            |     2 |     4 |     6 ||    12
       Potion            |       |     5 |     6 ||    11
 Stab: Sleeping          |     5 |     5 |    17 ||    27
Armor: Robe              |    23 |       |       ||    23
       Leather armour    |    23 |    48 |    32 ||   103
       Steam dragon scal |       |       |    25 ||    25
Dodge: Dodged            |   114 |   154 |   245 ||   513

Table legend: (Time is in decaauts)
 A = Elapsed time spent in this place.
 B = Non-inter-level travel time spent in this place.
 C = Inter-level travel time spent in this place.
 D = Time resting spent in this place.
 E = Time spent auto-exploring this place.
 F = Levels seen in this place.
 G = Mean time per level.
                   A        B        C        D        E       F      G
               +--------+--------+--------+--------+--------+-----+--------+
         Total |  10228 |  10032 |    196 |   1860 |   5232 |  10 | 1022.8 |
       Dungeon |   7916 |   7720 |    196 |    847 |   4697 |   7 | 1130.9 |
        Temple |     26 |     26 |      0 |      0 |      0 |   1 |   26.0 |
       Ossuary |    743 |    743 |      0 |      0 |    440 |   1 |  743.0 |
        Bailey |   1541 |   1541 |      0 |   1013 |     95 |   1 | 1541.0 |
               +--------+--------+--------+--------+--------+-----+--------+

Top non-repeatable levels by time:
     D:6: 1772 daAuts
     D:1: 1712 daAuts
  Bailey: 1541 daAuts
     D:2: 1299 daAuts
     D:4: 1214 daAuts
     D:5: 1072 daAuts
 Ossuary: 743 daAuts
     D:3: 694 daAuts
     D:7: 150 daAuts
  Temple: 26 daAuts
